 Dungeon Crawl Stone Soup version 0.28-a0-1213-g0243856f03 (webtiles) character file.

Game seed: 11173839790989082890

1150 ragingrage the Chucker (level 8, -9/72 HPs)
             Began as a Troll Hunter on Dec 21, 2021.
             Was a Follower of Ru.
             Hit by a large rock thrown by a cyclops (12 damage)
             ... on level 6 of the Dungeon.
             The game lasted 00:05:08 (4070 turns).

ragingrage the Chucker (Troll Hunter)               Turns: 4070, Time: 00:05:08

Health: -9/72      AC:  4    Str: 21    XL:     8   Next: 15%
Magic:  7/7        EV: 10    Int:  7    God:    Ru [*.....]
Gold:   163        SH:  0    Dex: 18    Spells: 7/7 levels left

rFire   . . .      SeeInvis .     - Unarmed
rCold   . . .      Faith    +   (no shield)
rNeg    . . .      Spirit   .   b - +0 robe
rPois   .          Reflect  .   (helmet restricted)
rElec   .          Harm     .   (no cloak)
rCorr   .          Rampage  .   (gloves unavailable)
Will    +....                   (boots unavailable)
Stlth   ++........              j - amulet of faith
HPRegen 1.02/turn               a - +6 ring of dexterity
MPRegen 0.10/turn               m - ring of willpower

@: no status effects
A: large, unfitting armour, claws 3, regeneration 1, shaggy fur 1, tough skin 1,
unskilled 1
a: Renounce Religion


You were on level 6 of the Dungeon.
You worshipped Ru.
Ru was aware of your devotion.
You visited 2 branches of the dungeon, and saw 7 of its levels.
You also visited: Ossuary.

You collected 163 gold pieces.

Inventory:

Missiles
 c - 6 large rocks (quivered)
 d - 2 throwing nets
Armour
 b - a +0 robe (worn)
Jewellery
 a - a +6 ring of dexterity (left claw)
 j - an amulet of faith (around neck)
 m - a ring of willpower (right claw)
 s - a ring of see invisible
Scrolls
 e - 3 scrolls of vulnerability {unknown}
 g - 2 scrolls of blinking {unknown}
 i - 2 scrolls of fear {unknown}
 k - 4 scrolls of teleportation {unknown}
 n - 3 scrolls of fog {unknown}
 q - 2 scrolls of identify {unknown}
 v - a scroll of immolation {unknown}
 w - 2 scrolls of acquirement {unknown}
 x - 2 scrolls of summoning {unknown}
 y - 4 scrolls of magic mapping {unknown}
 B - a scroll of torment {unknown}
Potions
 f - 3 potions of degeneration {unknown}
 h - a potion of mutation {unknown}
 l - 3 potions of berserk rage {unknown}
 o - a potion of attraction {unknown}
 p - 3 potions of flight {unknown}
 r - 3 potions of brilliance {unknown}
 t - 3 potions of curing {unknown}
 u - 2 potions of heal wounds {unknown}
 z - a potion of lignification {unknown}
 A - a potion of might {unknown}


   Skills:
 + Level 2.3 Fighting
 + Level 6.4 Throwing
 - Level 1.3 Dodging
 - Level 0.3 Stealth
 + Level 5.9 Unarmed Combat


You had 7 spell levels left.
You didn't know any spells.
Your spell library contained the following spells:

 Spells                   Type           Power      Damage    Failure   Level
 Slow                     Hex            0%         N/A       43%         1
 Sublimation of Blood     Necr           0%         N/A       56%         2
 Wereblood                Tmut           0%         N/A       56%         2
 Confusing Touch          Hex            0%         N/A       80%         3
 Vampiric Draining        Necr           0%         2d6       80%         3
 Summon Hydra             Summ           0%         N/A       100%        7


Dungeon Overview and Level Annotations

Branches:
Dungeon (6/15)             Temple (1/1) D:4         Ossuary (visited)

Altars:
Ashenzari
Cheibriados
Dithmenos
Elyvilon
Fedhas
Kikubaaqudgha
Makhleb
Nemelex Xobeh
Okawaru
Qazlal
Ru
Trog
Uskayaw
Xom
Zin
The Shining One

Shops:
D:2 *[


Innate Abilities, Weirdness & Mutations

You are too large for most types of armour.
You have claws for hands.
Your natural rate of healing is unusually fast.
You are covered in fur. (AC +1)
You have tough skin. (AC +1)
You are somewhat unskilled. (-1 Apt)


Message History

No target in view!
No target in view!
No target in view!
No target in view!
No target in view!
No target in view!
Things that are here:
a +0 whip; an orc corpse
Things that are here:
a +0 mace; a +0 chain mail; an orc corpse Done exploring.
Done exploring.
Done exploring.
No target in view!
(D) Dungeon (T) Temple
Where to? (Enter - D:5, ? - help)
There is a stone staircase leading down here.
You climb downwards.
There is a stone staircase leading up here.
An orc is nearby!
An orc is nearby!
An orc is nearby!
An orc is nearby!
A cyclops comes into view.
The orc shouts!
Found a fuming blue potion.
The orc closely misses you.
You scratch the orc.
The orc is heavily wounded.
The orc barely misses you.
You mangle the orc!!
You kill the orc!
The cyclops throws a large rock.
The large rock hits you!!
Unknown command.
The cyclops throws a large rock.
The large rock hits you!!!
Ouch! That really hurt!
* * * LOW HITPOINT WARNING * * *
There is a stone staircase leading up here.
The cyclops throws a large rock.
The large rock hits you!
You die...

.........##
...........##
.............##
..............##
...............##
................#
#..............#
#.....C...@..#
#...........##
###..)......#
#........##
#....#.....##
.!.. ##...## ..#
##### .


You could see a cyclops.

Vanquished Creatures
  Menkaure (Ossuary)
  An ice beast (D:5)
  A black bear (D:5)
  A phantom (D:5)
  An ogre (D:5)
  2 scorpions
  2 howler monkeys
  2 bullfrog zombies (D:5)
  A centaur zombie (D:5)
  4 orc priests (D:5)
  An orc wizard (D:5)
  Terence (D:2)
  4 mummies
  Robin (D:2)
  An adder (D:4)
  3 gnolls
  An adder skeleton (D:4)
  2 worms
  A dart slug (D:2)
  16 orcs
  3 endoplasms
  3 giant cockroaches
  13 goblins
  8 hobgoblins
  A quokka (D:3)
  4 ball pythons
  4 bats
  A frilled lizard (D:1)
  3 gnoll skeletons (Ossuary)
  3 gnoll zombies (Ossuary)
  5 goblin skeletons (Ossuary)
  A goblin zombie (Ossuary)
  6 hobgoblin skeletons (Ossuary)
  6 hobgoblin zombies (Ossuary)
  4 kobolds
  5 kobold skeletons (Ossuary)
  3 kobold zombies (Ossuary)
  2 orc skeletons (Ossuary)
  10 orc zombies
  7 rats
  4 rat skeletons (Ossuary)
  4 rat zombies (Ossuary)
147 creatures vanquished.

Notes
Turn   | Place    | Note
-------+----------+-------------------------------------------
     0 | D:1      | ragingrage the Troll Hunter began the quest for the Orb.
     0 | D:1      | Reached XP level 1. HP: 19/19 MP: 0/0
   325 | D:1      | Found a faded altar of an unknown god.
   379 | D:1      | Reached skill level 1 in Unarmed Combat
   388 | D:1      | Reached XP level 2. HP: 27/27 MP: 1/1
   660 | D:2      | Noticed Terence
   693 | D:3      | Reached skill level 4 in Throwing
   929 | D:3      | Reached XP level 3. HP: 33/33 MP: 2/2
  1079 | D:2      | Killed Terence
  1167 | D:2      | Found Ineyn's Assorted Antiques.
  1257 | D:2      | Found Cuyvidgh's Antique Armour Boutique.
  1366 | D:2      | Noticed Robin
  1376 | D:2      | Reached XP level 4. HP: 39/41 MP: 3/3
  1404 | D:2      | Killed Robin
  1948 | D:4      | Noticed a scorpion
  1956 | D:4      | Killed a scorpion
  1957 | D:4      | Reached skill level 5 in Throwing
  1957 | D:4      | Reached XP level 5. HP: 36/48 MP: 4/4
  2067 | D:4      | Found a staircase to the Ecumenical Temple.
  2145 | Temple   | Entered the Ecumenical Temple
  2350 | Temple   | Became a worshipper of Ru the Awakened
  2442 | D:4      | Found an iron altar of Okawaru.
  2795 | D:5      | Entered Level 5 of the Dungeon
  2800 | D:5      | Noticed a black bear
  2805 | D:5      | Killed a black bear
  2806 | D:5      | Reached XP level 6. HP: 55/55 MP: 5/5
  2886 | D:5      | Found a sand-covered staircase.
  2895 | Ossuary  | Entered an ossuary
  3100 | Ossuary  | Gained mutation: You are somewhat unskilled. (-1 Apt) [Ru
                  | sacrifice]
  3100 | Ossuary  | Reached * piety under Ru
  3190 | Ossuary  | Noticed Menkaure
  3198 | Ossuary  | Killed Menkaure
  3199 | Ossuary  | Reached XP level 7. HP: 13/62 MP: 6/6
  3513 | D:5      | Reached skill level 5 in Unarmed Combat
  3533 | D:5      | Reached skill level 6 in Throwing
  3815 | D:5      | Reached XP level 8. HP: 69/72 MP: 7/7
  4060 | D:6      | Noticed a cyclops
  4068 | D:6      | HP: 1/72 [cyclops/large rock (41)]
  4070 | D:6      | Hit by a large rock thrown by a cyclops

Illustrated notes

Levels and vault maps discovered:
D:1:      dpeg_arrival_tiny_i, layout_loops_ring, ebering_ecumenical_altar_webs
D:2:      layout_loops_ring, serial_shops, nicolae_shop_trees, shop,
          uniq_terence, uniq_robin
D:3:      layout_rooms, minmay_misc_feat_tiny
D:4:      layout_loops_ring, lemuel_crystal_altar,
          minmay_temple_entry_antechambers, nrook_mini_vaults,
          kennysheep_generic_room_11
D:5:      layout_basic, nicolae_ossuary_entry_giza
D:6:      layout_cave_pods
Temple:   regret_index_temple_generic_petals

Skill      XL: |  1  2  3  4  5  6  7 |
---------------+----------------------+-----
Unarmed Combat | 1 2 3 4 5 |  5.9
Throwing       | 4 5 6 |  6.4
Fighting       | 2 |  2.3
Dodging        | |  1.3
Stealth        | |  0.3

Action                   |  1- 3 |  4- 6 |  7- 9 || total
-------------------------+-------+-------+-------++-------
Melee: Unarmed           |    79 |   188 |    80 ||   347
       Punch             |     1 |     5 |     3 ||     9
Throw: Large rock        |     2 |     7 |     2 ||    11
Invok: Sacrifice Skill   |       |     1 |       ||     1
 Stab: Sleeping          |     4 |     2 |     1 ||     7
Armor: Robe              |    32 |    52 |    19 ||   103
Dodge: Dodged            |    47 |    75 |    30 ||   152

Table legend: (Time is in decaauts)
 A = Elapsed time spent in this place.
 B = Non-inter-level travel time spent in this place.
 C = Inter-level travel time spent in this place.
 D = Time resting spent in this place.
 E = Time spent auto-exploring this place.
 F = Levels seen in this place.
 G = Mean time per level.
                   A        B        C        D        E       F      G
               +--------+--------+--------+--------+--------+-----+--------+
         Total |   4056 |   3865 |    191 |    197 |   2782 |   8 |  507.0 |
       Dungeon |   3441 |   3267 |    174 |    185 |   2432 |   6 |  573.5 |
        Temple |    223 |    206 |     17 |      0 |    183 |   1 |  223.0 |
       Ossuary |    391 |    391 |      0 |     12 |    167 |   1 |  391.0 |
               +--------+--------+--------+--------+--------+-----+--------+

Top non-repeatable levels by time:
     D:5: 862 daAuts
     D:4: 701 daAuts
     D:2: 674 daAuts
     D:1: 631 daAuts
     D:3: 561 daAuts
 Ossuary: 391 daAuts
  Temple: 223 daAuts
     D:6: 10 daAuts
